 Dungeon Crawl Stone Soup version 0.30.0-2-g1aa4bd4387 (webtiles) character file.

Game seed: 13108856231855619299

270497 Silenceoftheyaks the Wrestler (level 19, -4/153 HPs)
             Began as a Demonspawn Fire Elementalist on May 7, 2023.
             Was the Champion of Uskayaw.
             Collided with a rock wall (11 damage)
             ... caused by an elemental wellspring
             ... on level 1 of the Depths.
             The game lasted 01:49:48 (41986 turns).

Silenceoftheyaks the Wrestler (DsFE)               Turns: 41986, Time: 01:49:48

Health: -4/153     AC: 18    Str: 15    XL:     19   Next: 43%
Magic:  36/36      EV: 20    Int: 18    God:    Uskayaw [******]
Gold:   1068       SH:  0    Dex: 14    Spells: 34/38 levels left

rFire   . .          .
                       - Unarmed
rCold   . . .        (no shield)
rNeg    . . .        S - +0 swamp dragon scales
rPois   +            (helmet restricted)
rElec   .            (cloak unavailable)
rCorr   .            (gloves unavailable)
SInv    .            O - +2 pair of boots "Boovvu" {Will++}
Will    +++..        R - amulet of regeneration
Stlth   +            k - +4 ring of protection
HPRegen 1.25/turn    G - +5 ring of evasion
MPRegen 0.25/turn

%: no passive effects
@: very slow
A: antennae 1, ignite blood 2, demonic magic 3, corrupting presence 1, weakness
stinger 3, demonic touch 3, high MP 1, passive freeze
}: 2/15 runes: decaying, serpentine
a: Renounce Religion, Stomp, Line Pass, Grand Finale


You were on level 1 of the Depths.
You worshipped Uskayaw.
Uskayaw was aware of your devotion.
You visited 7 branches of the dungeon, and saw 32 of its levels.
You visited 1 bazaar.
You also visited: Bailey and Volcano.

You collected 5079 gold pieces.
You spent 4011 gold pieces at shops.

Inventory:

Missiles
 o - a throwing net
 E - 11 curare-tipped darts (quivered)
Armour
 d - a +2 pair of gloves
 O - the +2 pair of boots "Boovvu" (worn) {Will++}
   (You found it on level 2 of the Swamp)

   Will:      It greatly increases your willpower.
 S - +0 swamp dragon scales (worn)
Jewellery
 a - a ring of ice
 c - a ring of poison resistance
 h - a ring of wizardry
 i - the ring of the Hero {Fly Str+3}
   (You found it on level 2 of the Swamp)

   [ring of flight]

   Str:       It affects your strength (+3).
   Fly:       It grants you flight.
 k - a +4 ring of protection (left hand)
 l - a ring of ice
 C - a ring of protection from fire
 F - a ring of willpower
 G - a +5 ring of evasion (right hand)
 K - a +4 ring of protection
 R - an amulet of regeneration (around neck)
 T - a ring of resist corrosion
 W - a ring of protection from cold
Wands
 p - a wand of polymorph (16)
 r - a wand of acid (9)
 z - a wand of roots (10)
 D - a wand of digging (20)
 H - a wand of charming (50)
 I - a wand of mindburst (11)
 M - a wand of flame (16)
Scrolls
 b - 15 scrolls of enchant armour
 e - 3 scrolls of fear
 m - 11 scrolls of identify
 n - 3 scrolls of fog
 t - 2 scrolls of butterflies
 y - 2 scrolls of enchant weapon
 A - 7 scrolls of teleportation
 L - 2 scrolls of amnesia
 Q - 3 scrolls of blinking
Potions
 f - 3 potions of haste
 g - 3 potions of heal wounds
 j - 8 potions of ambrosia
 q - 3 potions of resistance
 s - 2 potions of curing
 u - 3 potions of magic
 v - 5 potions of flight
 w - 3 potions of might
 B - a potion of berserk rage
 J - 7 potions of brilliance
 V - a potion of mutation
Miscellaneous
 x - a phantom mirror
 N - a lightning rod (4/4)
 P - a phial of floods
 U - a tin of tremorstones (2/2)


   Skills:
 + Level 14.4 Fighting
 + Level 11.7 Armour
 + Level 11.2 Dodging
 - Level 1.7 Stealth
 * Level 21.0 Unarmed Combat
 + Level 10.4 Spellcasting
 - Level 1.5 Conjurations
 + Level 12.8 Transmutations
 - Level 2.9 Fire Magic
 - Level 8.0 Invocations
 + Level 5.4 Evocations


You had 34 spell levels left.
You knew the following spells:

 Your Spells              Type           Power      Damage    Failure   Level
b - Scorch                Fire           38%        2d7       6%          2
c - Wereblood             Tmut           53%        N/A       1%          2

Your spell library contained the following spells:

 Spells                   Type           Power      Damage    Failure   Level
 Beastly Appendage        Tmut           100%       N/A       1%          1
 Passwall                 Tmut/Erth      26%        N/A       1%          2
 Blade Hands              Tmut           26%        N/A       1%          5
 Spider Form              Tmut/Pois      32%        N/A       2%          3
 Ignite Poison            Fire/Tmut/Pois 28%        N/A       4%          3
 Foxfire                  Conj/Fire      68%        2x1d7     5%          1
 Magic Dart               Conj           56%        1d5       7%          1
 Ice Form                 Ice/Tmut       32%        N/A       9%          4
 Petrify                  Tmut/Erth      32%        N/A       9%          4
 Kiss of Death            Conj/Necr      48%        2d9       10%         1
 Sandblast                Erth           18%        2d7       13%         1
 Call Imp                 Summ           18%        N/A       19%         2
 Cigotuvi's Dreadful Rot  Necr/Pois/Air  18%        N/A       19%         2
 Ensorcelled Hibernation  Hex/Ice        18%        N/A       19%         2
 Lesser Beckoning         Tloc           18%        N/A       19%         2
 Poisonous Vapours        Pois/Air       18%        N/A       19%         2
 Sublimation of Blood     Necr           9%         N/A       19%         2
 Irradiate                Conj/Tmut      17%        3d17      19%         5
 Inner Flame              Hex/Fire       14%        N/A       22%         3
 Volatile Blastmotes      Fire/Tloc      28%        2d12      22%         3
 Yara's Violent Unravell  Hex/Tmut       16%        3d8       26%         5
 Dazzling Flash           Conj/Hex       24%        N/A       28%         3
 Stone Arrow              Conj/Erth      24%        3d8       28%         3
 Mephitic Cloud           Conj/Pois/Air  11%        N/A       30%         3
 Confusing Touch          Hex            9%         N/A       36%         3
 Frozen Ramparts          Ice            18%        1d3       36%         3
 Gell's Gravitas          Tloc           9%         N/A       36%         3
 Ozocubu's Armour         Ice            9%         N/A       36%         3
 Portal Projectile        Hex/Tloc       18%        N/A       36%         3
 Swiftness                Air            9%         N/A       36%         3
 Teleport Other           Tloc           9%         N/A       36%         3
 Tukima's Dance           Hex            9%         N/A       36%         3
 Flame Wave               Conj/Fire      17%        2d7       45%         4
 Dispel Undead            Necr           9%         3d8       77%         4
 Passage of Golubria      Tloc           9%         N/A       77%         4
 Summon Ice Beast         Ice/Summ       9%         N/A       77%         4
 Freezing Cloud           Conj/Ice/Air   5%         6-21      96%         5
 Agony                    Necr           9%         N/A       98%         5
 Metabolic Englaciation   Hex/Ice        4%         N/A       98%         5
 Silence                  Hex/Air        4%         N/A       98%         5
 Summon Forest            Summ/Tloc      4%         N/A       98%         5
 Summon Mana Viper        Hex/Summ       9%         N/A       98%         5
 Simulacrum               Ice/Necr       4%         N/A       100%        6
 Summon Cactus Giant      Summ           4%         N/A       100%        6
 Enfeeble                 Hex            4%         N/A       100%        7
 Monstrous Menagerie      Summ           4%         N/A       100%        7


Dungeon Overview and Level Annotations

Branches:
Dungeon (15/15)            Temple (1/1) D:7            Lair (5/5) D:11
  Swamp (4/4) Lair:2        Snake (4/4) Lair:2        Slime (0/5) Lair:5
    Orc (2/2) D:12            Elf (0/3) Orc:2        Vaults (0/5) D:13
 Depths (1/4) D:15         Bailey (visited)         Volcano (visited)

Altars:
Ashenzari
Cheibriados
Dithmenos
Fedhas
Gozag
Hepliaklqana
Kikubaaqudgha
Makhleb
Nemelex Xobeh
Okawaru
Qazlal
Ru
Sif Muna
Trog
Uskayaw
Vehumet
Wu Jian
Xom
Yredelemnul
Jiyva

Shops:
D:1 !*   D:2 [   D:3 :   D:10 [   Orc:2 ([(*!

Portals:
Hell: Depths:1
Abyss: Depths:1

Annotations:
Lair:5 2 transporters, shayaa's ghost, journeyman BaFi
Swamp:3 Roxanne
Orc:2 2 transporters, hahaXD's ghost, journeyman KoEn
Depths:1 exclusion: orange crystal statue


Innate Abilities, Weirdness & Mutations

You have a pair of small antennae on your head.
Your demonic aura often causes spilled blood to erupt in flames.
Spells you cast and wands you use may paralyse nearby enemies.
Your presence sometimes corrodes those you injure.
You have a sharp stinger which inflicts weakening toxins.
Your touch may irresistibly damage your foes and sap their willpower.
You have an increased reservoir of magic. (+10% MP)
A frigid envelope surrounds you and freezes all who hurt you.


Message History

The water elemental disappears in a puff of smoke! x2
The elemental wellspring is no longer sharing its pain.
You barely miss the water elemental.
You touch the water elemental!
The water elemental is moderately damaged.
A torrent of water rises up through the elemental wellspring!
The torrent of water hits you!!!
* * * LOW HITPOINT WARNING * * *
You are knocked back by the torrent of water.
Splash!
You fall into the shallow water.
Moving in this stuff is going to be slow.
The wave splashes down.
You hear a screech!
You hear a deafening roar!
You pummel the water elemental!!
You destroy the water elemental!
The water elemental disappears in a puff of smoke!
A torrent of water rises up through the elemental wellspring!
The torrent of water hits you.
* * * LOW HITPOINT WARNING * * *
You are knocked back by the torrent of water.
Splash!
You fall into the shallow water.
Moving in this stuff is going to be slow.
The wave splashes down.
Water spirits pour forth from the elemental wellspring!
You hear a deafening roar! x2; You hear a shout!
Uskayaw links your audience in an emotional bond!
You pummel the water elemental!!
Your corrupting presence corrodes the water elemental!
You touch the water elemental!
The water elemental is almost destroyed.
The water elemental disappears in a puff of smoke! x2
The water elemental misses you.
A torrent of water rises up through the elemental wellspring!
The torrent of water passes through the water elemental.
The torrent of water hits you!!
* * * LOW HITPOINT WARNING * * *
You are knocked back by the torrent of water.
You slam into the rock wall!
You die...

...[..(..........................
......##.......##########........
......##....[..# .........#.
########.......# #.###....###
#.......# #...........
################# ########.#####
♣.♣.~.~8#~8#~8#~♣#♣⌠### #.# #
......~~~~~~~~~~E'§≈≈≈#####.# #
.♣.~.♣~~8#~8#~8#@E)~E≈≈##...# #
#~~###############§EE~≈≈#.#### #
~~## ~#~~~≈#....# # ~##
♣~♣~~≈####.# # P# #~♣~≈≈ #.####
## ~#~~≈ #..... # ~ ~≈ ##..## #
#~ #..##. # #.####


You could see an elemental wellspring (corroded, pain bonded) and 4 water
elementals.

Vanquished Creatures
  Mara (Depths:1)
  2 golden dragons (Depths:1)
  Nikola (Swamp:3)
  Jorgrun (Swamp:1)
  A tentacled monstrosity (Swamp:4)
  A lich (Depths:1)
  Mlioglotl (Swamp:3)
  A quicksilver dragon (Depths:1)
  Kirke (D:12)
  A storm dragon (Depths:1)
  A tengu reaver (Depths:1)
  Agnes (Snake:2)
  A fenstrider witch (Swamp:4)
  A nagaraja (Snake:4)
  Donald (Swamp:3)
  A frost giant (Depths:1)
  An iron dragon (Depths:1)
  A balrug (Depths:1)
  The ghost of Kisosi the Severer, a journeyman DDFi of Makhleb (Orc:1)
  A reaper (Depths:1)
  Aizul (Snake:1)
  3 very ugly things (Depths:1)
  3 stone giants (Depths:1)
  3 eleionomae
  Nessos (D:15)
  A deep elf annihilator (Depths:1)
  A vampire knight (Depths:1)
  Azrael (D:12)
  A red draconian (Volcano)
  8 bunyips
  2 green deaths (Swamp:4)
  The ghost of Jarnaxa the Carver, a journeyman DsFi of Okawaru (D:12)
  2 shambling mangroves
  2 fire dragons (Depths:1)
  Snorg (Lair:5)
  6 ettins (Depths:1)
  3 merfolk javelineers
  A great orb of eyes (D:15)
  A merfolk impaler (D:12)
  A deep elf high priest (Depths:1)
  Josephine (Orc:1)
  Fannar (D:12)
  An ice dragon (Depths:1)
  8 vault guards (D:13)
  A hell beast (Depths:1)
  13 hydras
  2 rakshasas (D:15)
  3 ogre magi
  3 catoblepae
  4 boulder beetles
  3 salamander tyrants (Snake:4)
  6 anacondas
  3 spriggan air magi (Depths:1)
  11 centaur warriors
  12 two-headed ogres
  13 alligators
  6 tengu warriors
  8 naga warriors
  2 deep troll shamans
  12 shock serpents
  16 death yaks
  A thrashing horror (Swamp:4)
  4 orc high priests (Orc:2)
  3 deep troll earth magi (Depths:1)
  A vampire mage (Depths:1)
  Urug (Orc:2)
  6 naga sharpshooters (Snake:4)
  4 spriggan berserkers (Depths:1)
  Sonja (Lair:5)
  A deep elf knight (D:13)
  2 skysharks (Lair:5)
  7 skeletal warriors (D:14)
  9 salamander mystics
  6 goliath frogs
  3 fire crabs
  2 glowing orange brains (Depths:1)
  4 spriggan druids
  2 iron trolls
  An obsidian statue (Snake:2)
  8 bog bodies
  10 deep trolls (Depths:1)
  4 lindwurms
  8 swamp dragons
  A wizard (Depths:1)
  A flayed ghost (Depths:1)
  3 naga ritualists
  3 large abominations (Swamp:4)
  Pikel (D:5)
  8 mana vipers
  2 orc knights
  A deep elf pyromancer (D:13)
  20 ugly things
  3 orc sorcerers
  2 manticores
  11 elephants
  23 salamanders
  9 cyclopes
  4 will-o-the-wisps
  2 salamanders (shapeshifter)
  34 black mambas
  A torpor snail (Lair:4)
  5 cane toads
  6 guardian serpents
  15 naga magi
  A gargoyle (D:12)
  2 molten gargoyles (Volcano)
  2 orange demons (Swamp:4)
  An unseen horror (D:9)
  4 rime drakes
  A yaktaur (D:15)
  A kobold demonologist (D:12)
  An efreet (D:15)
  4 tengu conjurers (Depths:1)
  8 komodo dragons
  2 meliai (D:13)
  3 bloated husks
  14 tyrant leeches
  Prince Ribbit (Lair:2)
  10 trolls
  2 polar bears
  12 blink frogs
  10 hornets
  A blink frog (shapeshifter) (D:14)
  7 dream sheep
  20 slime creatures
  Sigmund (D:2)
  12 spriggans
  4 shadows
  7 wraiths
  A vampire (D:11)
  56 yaks
  A human (D:12)
  A hog (D:12)
  2 fire bats (Volcano)
  2 basilisks
  6 fire elementals (D:12)
  4 steam dragons
  19 vampire mosquitoes
  33 nagas
  20 swamp worms
  5 wargs
  3 acid dragons
  10 water moccasins
  2 hell hounds (D:12)
  32 orc warriors
  4 black bears
  An ice beast (D:6)
  7 ogres
  13 wolves
  29 centaurs
  2 phantoms
  2 kobold brigands
  2 gnoll sergeants
  3 scorpions (D:5)
  17 bullfrogs
  A small abomination (Swamp:4)
  18 wights
  An electric eel (Lair:5)
  8 howler monkeys
  10 lava snakes
  24 orc priests
  Crazy Yiuf (D:2)
  3 hounds
  2 gnoll boudas
  A sleepcap (D:6)
  5 iguanas
  Terence (D:2)
  Natasha (thrice) (D:4)
  29 orc wizards
  5 adders
  9 gnolls
  3 shadow imps
  3 worms
  A dart slug (D:2)
  67 orcs
  9 ball pythons
  9 endoplasms
  3 giant cockroaches (D:1)
  8 goblins
  6 hobgoblins
  8 jackals
  10 kobolds
  5 quokkas
  7 bats
  2 frilled lizards (D:3)
  6 rats
  A briar patch (Swamp:2)
  A bush (Lair:5)
1114 creatures vanquished.

Vanquished Creatures (others)
  A spriggan druid (Swamp:1)
  An unseen horror (D:13)
  2 bloated husks
  2 humans (D:12)
  2 orcs (D:12)
  343 foxfires
  16 fungi
  37 plants
404 creatures vanquished.

Grand Total: 1518 creatures vanquished

Notes
Turn   | Place    | Note
-------+----------+-------------------------------------------
     0 | D:1      | Silenceoftheyaks the Demonspawn Fire Elementalist began the
                  | quest for the Orb.
     0 | D:1      | Reached XP level 1. HP: 13/13 MP: 3/3
   158 | D:1      | Discovered your monstrous ancestry.
   158 | D:1      | Gained mutation: You have a small tail. [demonic ancestry]
   158 | D:1      | Reached XP level 2. HP: 19/19 MP: 1/5
   325 | D:1      | Reached skill level 1 in Fighting
   390 | D:1      | Found Kuatu's Assorted Antiques.
   572 | D:1      | Found Xeaquq Enn's Distillery.
   580 | D:1      | Bought a potion of heal wounds for 55 gold pieces
   842 | D:1      | Gained mutation: Your demonic aura sometimes causes spilled
                  | blood to erupt in flames. [demonic ancestry]
   842 | D:1      | Reached XP level 3. HP: 25/27 MP: 3/6
  1165 | D:2      | Learned a level 2 spell: Scorch
  1213 | D:2      | Noticed Sigmund
  1693 | D:2      | Noticed Terence
  2020 | D:2      | Found Xeteojit's Antique Armour Boutique.
  2273 | D:2      | Gained mutation: You have a tail ending in a sharp stinger.
                  | [demonic ancestry]
  2273 | D:2      | Reached XP level 4. HP: 34/35 MP: 7/7
  2359 | D:2      | Found a runed translucent door.
  2360 | D:2      | Noticed Crazy Yiuf
  2369 | D:2      | Killed Crazy Yiuf
  2535 | D:2      | Killed Sigmund
  2536 | D:2      | Reached skill level 5 in Fighting
  2536 | D:2      | Gained mutation: Spells you cast may paralyse adjacent
                  | enemies. [demonic ancestry]
  2536 | D:2      | Reached XP level 5. HP: 44/44 MP: 6/8
  2734 | D:2      | Killed Terence
  2735 | D:2      | Gained mutation: Spells you cast may paralyse nearby
                  | enemies. [demonic ancestry]
  2735 | D:2      | Reached XP level 6. HP: 32/51 MP: 3/9
  2995 | D:3      | Found a faded altar of an unknown god.
  3151 | D:3      | Found Ezelocro's Book Shop.
  3922 | D:4      | Noticed Natasha
  3930 | D:4      | Killed Natasha
  4040 | D:4      | Noticed Natasha
  4050 | D:4      | Killed Natasha
  4109 | D:4      | Noticed Natasha
  4115 | D:4      | Killed Natasha
  4416 | D:5      | Entered Level 5 of the Dungeon
  4417 | D:5      | Noticed Pikel
  4443 | D:5      | Reached skill level 1 in Unarmed Combat
  4443 | D:5      | Reached XP level 7. HP: 58/58 MP: 3/11
  4484 | D:5      | Reached skill level 2 in Unarmed Combat
  4508 | D:5      | Reached skill level 3 in Unarmed Combat
  4593 | D:5      | Killed Pikel
  4594 | D:5      | Reached skill level 5 in Unarmed Combat
  4594 | D:5      | Gained mutation: Your touch may inflict minor irresistible
                  | damage on your foes. [demonic ancestry]
  4594 | D:5      | Reached XP level 8. HP: 64/64 MP: 3/12
  4597 | D:5      | Reached skill level 6 in Unarmed Combat
  4996 | D:5      | Reached skill level 7 in Unarmed Combat
  5495 | D:6      | Reached skill level 8 in Unarmed Combat
  5819 | D:6      | Reached XP level 9. HP: 54/69 MP: 13/13
  6001 | D:6      | Reached skill level 9 in Unarmed Combat
  6741 | D:7      | Reached skill level 10 in Unarmed Combat
  6745 | D:7      | Found a staircase to the Ecumenical Temple.
  6754 | Temple   | Entered the Ecumenical Temple
  6826 | Temple   | Became a worshipper of Uskayaw the Reveller
  6919 | D:7      | Found a flagged portal.
  6924 | D:7      | Reached * piety under Uskayaw
  6926 | D:7      | Reached ** piety under Uskayaw
  6929 | D:7      | Reached *** piety under Uskayaw
  6935 | Bailey   | Entered a bailey
  8044 | Bailey   | Reached skill level 11 in Unarmed Combat
  8156 | Bailey   | Gained mutation: Your touch may inflict irresistible damage
                  | on your foes. [demonic ancestry]
  8156 | Bailey   | Reached XP level 10. HP: 59/77 MP: 15/15
  9156 | Bailey   | Reached skill level 14 in Unarmed Combat
  9156 | Bailey   | Gained mutation: You have a pair of small antennae on your
                  | head. [demonic ancestry]
  9156 | Bailey   | Reached XP level 11. HP: 84/84 MP: 16/16
  9313 | D:7      | Reached skill level 1 in Armour
 10319 | D:8      | Found a shimmering altar of Xom.
 10321 | D:8      | Found a shimmering blue altar of Sif Muna.
 10321 | D:8      | Found a snail-covered altar of Cheibriados.
 10322 | D:8      | Found a bloodstained altar of Trog.
 10326 | D:8      | Found a radiant altar of Vehumet.
 11010 | D:9      | Reached **** piety under Uskayaw
 11014 | D:9      | Reached ***** piety under Uskayaw
 11266 | D:9      | Noticed a two-headed ogre
 11281 | D:9      | Killed a two-headed ogre
 11290 | D:9      | Identified the +1 plate armour of the Eternal Fruit {MP+9}
 11892 | D:10     | Entered Level 10 of the Dungeon
 12184 | D:10     | You fall into a shaft and drop 1 floor!
 12524 | D:10     | Reached skill level 5 in Spellcasting
 12542 | D:10     | Learned a level 5 spell: Yara's Violent Unravelling
 12680 | D:10     | Noticed a two-headed ogre
 12691 | D:10     | Killed a two-headed ogre
 12961 | D:10     | Found Afecubeu's Antique Armour Emporium.
 13009 | D:10     | Reached skill level 1 in Invocations
 13022 | D:10     | Reached skill level 15 in Unarmed Combat
 13027 | D:10     | Reached skill level 1 in Transmutations
 13149 | D:11     | Gained mutation: You have a sharp stinger which inflicts
                  | weakening toxins. [demonic ancestry]
 13149 | D:11     | Reached XP level 12. HP: 84/92 MP: 19/19
 13225 | D:11     | Identified the +4 scimitar of Conservatism {venom, Dex+4}
 13426 | D:11     | Found a staircase to the Lair.
 13798 | D:11     | Identified the +1 dire flail "Nodi" {freeze, Contam rElec
                  | Int+4}
 14129 | D:11     | Noticed a two-headed ogre
 14136 | D:11     | Killed a two-headed ogre
 14271 | Lair:1   | Entered Level 1 of the Lair of Beasts
 14301 | Lair:1   | Found a dark tunnel.
 14315 | Volcano  | Entered a volcano
 14584 | Volcano  | Found a burning altar of Makhleb.
 14584 | Volcano  | Noticed a two-headed ogre
 14584 | Volcano  | Noticed a two-headed ogre
 14584 | Volcano  | Noticed an ogre mage
 14584 | Volcano  | Noticed a two-headed ogre
 14589 | Volcano  | Killed a two-headed ogre
 14593 | Volcano  | Killed a two-headed ogre
 14595 | Volcano  | Killed a two-headed ogre
 14599 | Volcano  | Killed an ogre mage
 14656 | Volcano  | Noticed a two-headed ogre
 14661 | Volcano  | Killed a two-headed ogre
 14775 | Volcano  | Noticed a red draconian
 14783 | Volcano  | Killed a red draconian
 15225 | Lair:1   | Noticed a death yak
 15225 | Lair:1   | Noticed a death yak
 15438 | Lair:1   | Noticed a death yak
 15439 | Lair:1   | Noticed a death yak
 15439 | Lair:1   | Noticed a death yak
 15448 | Lair:1   | Noticed a death yak
 15462 | Lair:1   | Killed a death yak
 15463 | Lair:1   | Killed a death yak
 15464 | Lair:1   | Reached skill level 5 in Invocations
 15467 | Lair:1   | Killed a death yak
 15468 | Lair:1   | Gained mutation: Your demonic aura often causes spilled
                  | blood to erupt in flames. [demonic ancestry]
 15468 | Lair:1   | Reached XP level 13. HP: 68/100 MP: 22/22
 15472 | Lair:1   | Reached skill level 5 in Armour
 16009 | Lair:2   | Reached ****** piety under Uskayaw
 16299 | Lair:2   | Reached skill level 16 in Unarmed Combat
 16333 | Lair:2   | Noticed Prince Ribbit
 16348 | Lair:2   | Killed Prince Ribbit
 16375 | Lair:2   | Found a staircase to the Swamp.
 16641 | Lair:2   | Found a staircase to the Snake Pit.
 18182 | Lair:3   | Reached skill level 5 in Dodging
 18412 | Lair:3   | Gained mutation: Spells you cast and wands you use may
                  | paralyse nearby enemies. [demonic ancestry]
 18412 | Lair:3   | Reached XP level 14. HP: 83/109 MP: 24/24
 18808 | Lair:4   | Reached skill level 5 in Transmutations
 19576 | Lair:4   | Identified the +2 chain mail "Guobulot" {Fly SInv}
 19707 | Lair:4   | Reached skill level 10 in Fighting
 20138 | Lair:5   | Entered Level 5 of the Lair of Beasts
 20154 | Lair:5   | Found a transporter.
 20239 | Lair:5   | Found a transporter.
 20245 | Lair:5   | Noticed shayaa's ghost (journeyman BaFi)
 20303 | Lair:5   | Noticed Sonja
 20315 | Lair:5   | Killed Sonja
 20675 | Lair:5   | Found a viscous altar of Jiyva.
 20675 | Lair:5   | Found a staircase to the Slime Pits.
 20704 | Lair:5   | Noticed Snorg
 20714 | Lair:5   | Killed Snorg
 20715 | Lair:5   | Reached skill level 1 in Evocations
 21049 | Lair:5   | Reached skill level 17 in Unarmed Combat
 21286 | Lair:5   | Identified the +1 rapier "Onoelic" {flame, rF+ Will+
                  | Stlth+}
 21611 | D:12     | Noticed Kirke
 21632 | D:12     | Killed Kirke
 21790 | D:12     | Noticed Fannar
 21799 | D:12     | Killed Fannar
 21912 | D:12     | Found a runed translucent gate.
 21913 | D:12     | Found a runed translucent gate.
 21913 | D:12     | Found a runed translucent gate.
 21917 | D:12     | Identified the +7 double sword of the Hero {vamp, Int+4}
 21918 | D:12     | Noticed Jarnaxa's ghost (journeyman DsFi)
 21920 | D:12     | Found an iron altar of Okawaru.
 22030 | D:12     | Found a staircase to the Orcish Mines.
 22060 | D:12     | Identified the +4 hand axe of Tender Mercy {pain, *Slow Fly
                  | rElec Int+3}
 22217 | D:12     | Noticed Azrael
 22245 | D:12     | Killed Azrael
 22985 | D:12     | Reached XP level 15. HP: 75/117 MP: 26/26
 22997 | D:12     | Killed Jarnaxa's ghost
 23299 | Orc:1    | Entered Level 1 of the Orcish Mines
 23299 | Orc:1    | Noticed Josephine
 23311 | Orc:1    | Killed Josephine
 23444 | Orc:1    | Noticed Kisosi's ghost (journeyman DDFi)
 23445 | Orc:1    | Found a transporter.
 23556 | Orc:1    | Identified the +0 robe "Qiffuveh" {rCorr Str-2 Dex+7}
 23618 | Orc:1    | Found a transporter.
 23742 | Orc:1    | Paralysed by an orc sorcerer for 4 turns
 24387 | Orc:1    | Killed Kisosi's ghost
 24494 | Orc:2    | Entered Level 2 of the Orcish Mines
 24502 | Orc:2    | Noticed Urug
 24526 | Orc:2    | Killed Urug
 24944 | D:3      | Bought a manual of Transmutations for 1040 gold pieces
 24944 | D:3      | Bought a book of Changes for 234 gold pieces
 24947 | D:3      | Learned a level 2 spell: Wereblood
 25183 | Orc:2    | Found a transporter.
 25205 | Orc:2    | Found a transporter.
 25307 | Orc:2    | Identified the ring of Kih Myuv {rF+ Will+ Str+2 Slay+5}
 25311 | Orc:2    | Noticed a tentacled starspawn
 25315 | Orc:2    | Found a one-way gate to the infinite horrors of the Abyss.
 25449 | Orc:2    | Noticed hahaXD's ghost (journeyman KoEn)
 25618 | Orc:2    | Found Utiudebie's Distillery.
 25618 | Orc:2    | Found Atre's Weapon Emporium.
 25619 | Orc:2    | Found Okhlogge's Antique Armour Emporium.
 25623 | Orc:2    | Found Tijor's Assorted Antiques.
 25972 | Orc:2    | Found Huhoapt's Firing Range.
 26206 | Orc:2    | Found a staircase to the Elven Halls.
 26355 | Orc:2    | Bought a crude scale mail for 243 gold pieces
 26355 | Orc:2    | Identified the +0 scale mail "Ypra" {Fly rC++ Str-2 Dex+4}
                  | (You bought it in a shop on level 2 of the Orcish Mines)
 26356 | Orc:2    | Bought a dazzling scale mail for 243 gold pieces
 26356 | Orc:2    | Identified the +5 scale mail "Peutugib" {Int+3} (You bought
                  | it in a shop on level 2 of the Orcish Mines)
 26533 | D:13     | Found a gate to the Vaults.
 26541 | D:13     | Reached skill level 18 in Unarmed Combat
 27971 | D:14     | Found a hazy altar of Hepliaklqana.
 28220 | D:14     | Reached XP level 16. HP: 45/127 MP: 27/27
 28621 | D:14     | Identified the +5 dagger "Fanlygua" {heavy, Contam Drain
                  | Str+7}
 28832 | D:15     | Entered Level 15 of the Dungeon
 28832 | D:15     | Noticed Nessos
 28843 | D:15     | Killed Nessos
 29293 | D:15     | Found a stormy altar of Qazlal.
 30353 | D:15     | Found a staircase to the Depths.
 30364 | D:15     | Paralysed by a great orb of eyes for 5 turns
 30609 | Swamp:1  | Entered Level 1 of the Swamp
 31191 | Swamp:1  | Noticed Jorgrun
 31194 | Swamp:1  | Reached skill level 19 in Unarmed Combat
 31227 | Swamp:1  | Killed Jorgrun
 32147 | Swamp:2  | Found a transporter.
 32549 | Swamp:2  | Found a transporter.
 32962 | Swamp:2  | Gained mutation: You are frail. (-10% HP) [potion of
                  | mutation]
 32962 | Swamp:2  | Gained mutation: You occasionally lose the ability to drink
                  | potions when taking damage. [potion of mutation]
 32962 | Swamp:2  | Gained mutation: Your mind is acute. (Int +4, Str/Dex -1)
                  | [potion of mutation]
 32963 | Swamp:2  | Lost mutation: You occasionally lose the ability to drink
                  | potions when taking damage. [potion of mutation]
 32963 | Swamp:2  | Lost mutation: Your mind is acute. (Int +4, Str/Dex -1)
                  | [potion of mutation]
 32963 | Swamp:2  | Gained mutation: Potions are less effective at restoring
                  | your health. [potion of mutation]
 32964 | Swamp:2  | Lost mutation: Potions are less effective at restoring your
                  | health. [potion of mutation]
 32964 | Swamp:2  | Lost mutation: You are frail. (-10% HP) [potion of
                  | mutation]
 32964 | Swamp:2  | Gained mutation: A frigid envelope surrounds you and
                  | freezes all who hurt you. [potion of mutation]
 32964 | Swamp:2  | Gained mutation: You have an increased reservoir of magic.
                  | (+10% MP) [potion of mutation]
 33003 | Swamp:2  | Identified the +2 pair of boots "Boovvu" {Will++}
 33017 | Swamp:2  | Identified the ring of the Hero {Fly Str+3}
 33325 | Swamp:3  | Noticed Roxanne
 33358 | Swamp:3  | Noticed Donald
 33372 | Swamp:3  | Killed Donald
 33403 | Swamp:3  | Noticed Nikola
 33414 | Swamp:3  | Killed Nikola
 33511 | Swamp:3  | Gained mutation: Your presence sometimes corrodes those you
                  | injure. [demonic ancestry]
 33511 | Swamp:3  | Reached XP level 17. HP: 74/135 MP: 25/32
 34034 | Swamp:4  | Entered Level 4 of the Swamp
 34090 | Swamp:4  | Reached skill level 10 in Armour
 34090 | Swamp:4  | Noticed Mlioglotl
 34109 | Swamp:3  | Killed Mlioglotl
 34180 | Swamp:3  | Reached skill level 10 in Transmutations
 34966 | Swamp:4  | Noticed a tentacled monstrosity
 34976 | Swamp:4  | Killed a tentacled monstrosity
 35050 | Swamp:4  | Got a decaying rune of Zot
 35595 | Snake:1  | Entered Level 1 of the Snake Pit
 35701 | Snake:1  | Noticed Aizul
 35717 | Snake:1  | Killed Aizul
 35772 | Snake:1  | Reached skill level 10 in Dodging
 36735 | Snake:2  | Reached skill level 20 in Unarmed Combat
 36950 | Snake:2  | Gained mutation: Your touch may irresistibly damage your
                  | foes and sap their willpower. [demonic ancestry]
 36950 | Snake:2  | Reached XP level 18. HP: 143/144 MP: 34/34
 37110 | Snake:2  | Noticed Agnes
 37119 | Snake:2  | Killed Agnes
 37175 | Snake:2  | Found a gateway to a bazaar.
 37187 | Bazaar   | Entered a bazaar
 37187 | Bazaar   | Found Gilyzergh's General Store.
 37187 | Bazaar   | Found Axtex's Magic Scroll Shoppe.
 37187 | Bazaar   | Found Mojipp's Assorted Antiques.
 37207 | Bazaar   | Found Yninusty's Magic Scroll Boutique.
 37207 | Bazaar   | Found Adocy's Antique Armour Shoppe.
 37252 | Bazaar   | Bought a scroll of acquirement for 988 gold pieces
 37252 | Bazaar   | Acquired 1001 gold pieces
 37254 | Bazaar   | Bought a scroll of acquirement for 988 gold pieces
 37254 | Bazaar   | Acquired 1007 gold pieces
 37261 | Bazaar   | Bought 2 potions of resistance for 220 gold pieces
 38208 | Snake:4  | Entered Level 4 of the Snake Pit
 38348 | Snake:4  | HP: 6/145 [salamander/+1 trident of freezing (6)]
 39937 | Snake:4  | Got a serpentine rune of Zot
 40297 | Depths:1 | Entered Level 1 of the Depths
 40578 | Depths:1 | Found a gateway to Hell.
 40584 | Depths:1 | Reached skill level 10 in Spellcasting
 40812 | Depths:1 | Noticed Mara
 40825 | Depths:1 | Reached XP level 19. HP: 90/152 MP: 36/36
 41037 | Depths:1 | Found a one-way gate to the infinite horrors of the Abyss.
 41067 | Depths:1 | Noticed Silenceoftheyaks's illusion
 41073 | Depths:1 | Killed Mara
 41480 | Depths:1 | Reached skill level 5 in Evocations
 41494 | Depths:1 | Found a broken altar of Ashenzari.
 41659 | Depths:1 | Noticed a golden dragon
 41868 | Depths:1 | Noticed a golden dragon
 41891 | Depths:1 | Killed a golden dragon
 41965 | Depths:1 | Noticed a golden dragon
 41972 | Depths:1 | Reached skill level 21 in Unarmed Combat
 41980 | Depths:1 | Killed a golden dragon
 41986 | Depths:1 | HP: 7/153 [elemental wellspring/torrent of water (21)]
 41986 | Depths:1 | Collided with a rock wall

Illustrated notes

Levels and vault maps discovered:
D:1:      wander_arrival_fairy_ring, layout_basic, serial_shops,
          nicolae_shop_getting_attention, nicolae_shop_industrial_runoff
D:2:      layout_rooms, serial_shops, nicolae_diamond_shop, uniq_sigmund,
          uniq_terence, uniq_crazy_yiuf_cottage
D:3:      layout_loops_ring, hellmonk_ecumenical_altar_pennies_from_heaven,
          serial_shops, shop, hex_tiny, serial_park_tiny_pond,
          grunt_decor_arrowhead, minmay_misc_feat_ornament
D:4:      layout_gridville, uniq_natasha
D:5:      layout_cave_pools, uniq_pikel
D:6:      layout_cave_pods, kennysheep_path_1
D:7:      layout_loops_cross, minmay_temple_entry_wispy, enter_bailey_2,
          kennysheep_pointless_box
D:8:      layout_basic, minitemple
D:9:      layout_basic
D:10:     layout_rooms, nicolae_stop_n_shop_2
D:11:     minmay_octagon_keep, layout_basic, lair_entry_dummy
D:12:     layout_basic, david_orc_3, gammafunk_ghost_fury_of_okawaru,
          roderic_cross_of_infinity, evilmike_butchery, uniq_fannar,
          uniq_azrael, uniq_kirke
D:13:     minmay_ornate_pinched, layout_basic, erik_vaults_2
D:14:     layout_roguey, minmay_misc_feat_secret_circle, st_stairs_9,
          grunt_ministairs_5, nicolae_hepliaklqana_hazy_memory
D:15:     gammafunk_enter_depths_forms, layout_loops_cross, grunt_qazlal_clouds,
          uniq_nessos
Temple:   minmay_temple_bridge_d
Lair:1:   layout_roguey, nicolae_volcano_entry_lava_flow
Lair:2:   layout_chaotic_city, minmay_swamp_entry_worms,
          nicolae_snake_entry_warm_welcome, uniq_prince_ribbit2
Lair:3:   layout_hall_layers, chequers_serial_rivers_large_a
Lair:4:   nzn_winding_woodlands_stair_cross
          [nzn_winding_woodlands_5x15_lazy_stream,
          nzn_winding_woodlands_center_lodge, nzn_winding_woodlands_5x15_cabin,
          nzn_winding_woodlands_5x5_closed_star,
          nzn_winding_woodlands_5x5_default, nzn_winding_woodlands_5x15_pockets,
          nzn_winding_woodlands_center_garden, nzn_winding_woodlands_5x15_pool],
          layout_regular_city, infiniplex_staircase_pool_2
Lair:5:   grunt_lair_end_beastmaster, layout_regular_city,
          dpeg_slime_entry_corner, gammafunk_ghost_berserking_beasts,
          infiniplex_staircase_pool, uniq_snorg, uniq_sonja
Swamp:1:  layout_basic_swamp, nicolae_swamp_ascending_descending,
          wheals_swamp_sinkhole, uniq_jorgrun
Swamp:2:  gammafunk_worm_tunnel, layout_basic_swamp,
          evilmike_swamp_ruin_house_3, nicolae_swamp_some_circles
Swamp:3:  layout_basic_swamp, evilmike_swamp_ruin_house_1, uniq_roxanne,
          uniq_donald, uniq_nikola
Swamp:4:  swamp_vile, layout_basic_swamp, swamp_pool4, uniq_mlioglotl
Snake:1:  layout_rooms, uniq_aizul
Snake:2:  layout_misc_corridors, serial_shops, statue_bzr,
          hangedman_snake_corridor_split, nicolae_triple_integral, uniq_agnes
Snake:3:  layout_chambers
Snake:4:  snake_pit_salamanders_mu, layout_misc_corridors
Orc:1:    nicolae_orc_accident_1, layout_caves, gammafunk_ghost_arena,
          uniq_josephine
Orc:2:    st_orc_mages, layout_caves, gammafunk_ghost_abyssal_escape,
          nicolae_orc_flooded_monolith, nicolae_shop_firing_range, uniq_urug
Depths:1: gammafunk_depths_water_palace, layout_basic,
          cheibrodos_ashenzari_chains, grunt_mini_vestibule, abyss_entry,
          item_on_display_a, uniq_mara

Skill      XL: |  1  2  3  4  5  6  7  8  9 10 11 12 13 14 15 16 17 18 19 |
---------------+----------------------------------------------------------+-----
Fighting       | 1 3 5 6 7 8 9 10 11 12 13 14 | 14.4
Unarmed Combat | 1 5 8 11 14 15 16 17 18 19 20 21 | 21.0
Spellcasting   | 3 5 6 7 8 9 10 | 10.4
Armour         | 3 4 6 7 8 9 10 11 | 11.7
Invocations    | 1 5 7 8 |  8.0
Transmutations | 1 3 4 5 7 9 11 12 | 12.8
Dodging        | 3 5 6 8 9 10 11 | 11.2
Evocations     | 1 4 5 |  5.4
Stealth        | |  1.7
Conjurations   | |  1.5
Fire Magic     | |  2.9

Action                     |  1- 3 |  4- 6 |  7- 9 | 10-12 | 13-15 | 16-18 | 19-21 || total
---------------------------+-------+-------+-------+-------+-------+-------+-------++-------
  Melee: Unarmed           |    59 |     3 |    21 |   434 |  1090 |  1258 |   171 ||  3036
         Tailslap          |     7 |     8 |    18 |    79 |   216 |   251 |    45 ||   624
         Mace              |       |     3 |       |       |       |       |       ||     3
         Trident           |       |    72 |   246 |    56 |       |       |       ||   374
         Punch             |       |     1 |     9 |    32 |   139 |   198 |    30 ||   409
         Touch             |       |       |    30 |    83 |   237 |   275 |    32 ||   657
  Throw: Dart              |       |       |       |     2 |     3 |       |     1 ||     6
   Cast: Foxfire           |    95 |    61 |    21 |     4 |     5 |       |       ||   186
         Scorch            |       |     4 |     3 |     1 |       |     1 |       ||     9
         Wereblood         |       |       |       |       |       |     8 |     3 ||    11
 Invoke: Line Pass         |       |       |       |       |     1 |       |       ||     1
         Stomp             |       |       |       |       |       |     4 |       ||     4
         Grand Finale      |       |       |       |       |       |       |     1 ||     1
  Evoke: Wand              |       |       |       |     7 |     3 |     5 |     1 ||    16
         Lightning rod     |       |       |       |       |       |     7 |       ||     7
         Phial of floods   |       |       |       |       |       |     1 |       ||     1
    Use: Scroll            |     2 |       |     9 |     7 |     6 |     6 |     1 ||    31
         Potion            |     1 |     3 |       |     3 |     7 |    22 |     5 ||    41
   Stab: Paralysed         |       |     3 |     3 |    22 |    97 |   132 |    26 ||   283
         Sleeping          |       |     9 |     1 |       |     1 |       |       ||    11
         Petrified         |       |       |       |       |     8 |       |       ||     8
         Distracted        |       |       |       |       |     1 |       |       ||     1
 Armour: Robe              |    24 |    15 |    18 |       |       |       |       ||    57
         Ring mail         |       |       |   105 |   149 |   219 |       |       ||   473
         Scale mail        |       |       |       |       |   101 |   123 |       ||   224
         Swamp dragon scal |       |       |       |       |       |   280 |    40 ||   320
  Dodge: Dodged            |    43 |    41 |   156 |   295 |   601 |   786 |    88 ||  2010
